 Dungeon Crawl Stone Soup version 0.26.1-11-gd32895ea62 (webtiles) character file.

Game seed: 14994818966912610333

1126 Descartes the Ruffian (level 8, -6/74 HPs)
             Began as a Troll Chaos Knight on May 24, 2021.
             Was a Plaything of Xom.
             Killed from afar by an electric eel (8 damage)
             ... with a bolt of electricity
             ... on level 6 of the Dungeon.
             The game lasted 00:07:07 (4232 turns).

Descartes the Ruffian (Troll Chaos Knight)          Turns: 4232, Time: 00:07:09

Health: -6/74      AC:  8    Str: 21      XL:     8   Next: 13%
Magic:  16/16      EV:  6    Int:  7      God:    Xom [...*..]
Gold:   180        SH: 13    Dex:  4 (6)  Spells: 7/7 levels left

rFire    + . .     SeeInvis .     - Unarmed
rCold    . . .     Faith    .   j - +0 tower shield (curse)
rNeg     . . .     Spirit   .   a - +2 robe
rPois    .         Reflect  .   (helmet restricted)
rElec    .         Harm     .   C - scarf {+Inv}
rCorr    .         Rampage  .   (gloves unavailable)
Will     .....                  (boots unavailable)
Stlth    +.........             (no amulet)
HPRegen  0.62/turn              k - ring of magical power (curse)
MPRegen  0.15/turn              y - ring of protection from fire

@: very slow
A: large, unfitting armour, claws 3, horns 1, clumsy 2, dopey 1, regeneration 1,
shaggy fur 1, tough skin 3
a: Renounce Religion, Evoke Invisibility


You were on level 6 of the Dungeon.
You worshipped Xom.
You were a favourite toy of Xom.
You visited 1 branch of the dungeon, and saw 6 of its levels.

You collected 366 gold pieces.
You spent 186 gold pieces at shops.

Inventory:

Hand Weapons
 H - a +2 quarterstaff of chaos
Missiles
 h - 105 stones (quivered)
 t - 12 boomerangs
 w - 5 atropa-tipped darts
Armour
 a - a +2 robe (worn)
 j - a cursed +0 tower shield (worn)
 C - a scarf of invisibility (worn)
Jewellery
 k - a cursed ring of magical power (left claw)
 y - a ring of protection from fire (right claw)
 D - an uncursed amulet of guardian spirit
Wands
 n - a wand of random effects (11)
 B - a wand of polymorph (8)
 G - a wand of enslavement (9)
Scrolls
 c - 4 scrolls of teleportation {unknown}
 e - 4 scrolls of remove curse {unknown}
 f - 3 scrolls of amnesia {unknown}
 g - 3 scrolls of identify
 i - a scroll of immolation {unknown}
 l - 2 scrolls of fog {unknown}
 m - a scroll of random uselessness {unknown}
 o - a scroll of magic mapping {unknown}
 u - 2 scrolls of fear {unknown}
 x - a scroll of brand weapon {unknown}
Potions
 b - 2 potions of resistance
 d - 2 potions of invisibility
 p - a potion of experience {unknown}
 q - 5 potions of flight
 r - 3 potions of lignification
 s - a potion of brilliance {unknown}
 v - 2 potions of attraction
 z - a potion of berserk rage
 A - a potion of mutation {unknown}
 E - a potion of degeneration {unknown}
 F - a potion of curing {unknown}


   Skills:
 + Level 2.5 Fighting
 + Level 5.0 Dodging
 + Level 4.0 Shields
 + Level 6.3 Unarmed Combat
 + Level 0.2 Spellcasting
 + Level 0.3 Evocations


You had 7 spell levels left.
You didn't know any spells.
Your spell library was empty.

Dungeon Overview and Level Annotations

Branches:
Dungeon (6/15)
 Temple: D:4-7

Altars:
Ashenzari
Fedhas
Gozag
Kikubaaqudgha
Ru
Sif Muna
Uskayaw
Wu Jian
Xom

Shops:
D:4 *

Annotations:
D:6 2 runed translucent doors, Gabide's ghost, novice HuGl


Innate Abilities, Weirdness & Mutations

You are too large for most types of armour.
You have claws for hands.
Your natural rate of healing is unusually fast.
You are covered in fur. (AC +1)
You have extremely tough skin. (AC +3)
You have a pair of small horns on your head.
You are very clumsy. (Dex -4)
You are dopey. (Int -2)


Message History

The electric eel is heavily wounded.
You scratch the electric eel but do no damage.
The electric eel is heavily wounded.
The electric eel shoots out a bolt of lightning at you!
The bolt of electricity hits you. The bolt of electricity hits you!
Your shield prevents you from hitting the electric eel.
The electric eel is heavily wounded.
The electric eel shoots out a bolt of lightning at you!
The bolt of electricity hits you!
* * * LOW HITPOINT WARNING * * *
The bolt of electricity hits you.
* * * LOW HITPOINT WARNING * * *
You closely miss the electric eel. Your headbutt misses the electric eel.
The electric eel is heavily wounded.
The electric eel shoots out a bolt of lightning at you!
The bolt of electricity hits you!
* * * LOW HITPOINT WARNING * * *
Xom is highly amused!
The bolt of electricity hits you!
You die...

...............
...............
.$..............#
♣..............# ♣
♣♣♣............#
≈.≈≈♣♣♣P♣#...........# #
≈≈.≈≈≈;@..##.......#(###
≈≈≈≈P♣.♣♣.##..###...†##.
♣♣. ♣♣♣♣....P.P..##....
♣......PPP≈PP≈#.... ♣
♣♣.....PPP≈≈≈P≈##... ♣P
♣......PP≈≈≈≈≈P##.##
♣♣.♣♣......PP♣♣♣≈≈PP#.#
............≈≈≈♣≈≈≈P#.##
..........P≈≈♣♣P♣♣≈.≈..#


You could see an electric eel.

Vanquished Creatures
  Eustachio (D:5)
  2 ogres (D:5)
  A centaur (D:5)
  2 bullfrogs
  A howler monkey (D:5)
  An electric eel (D:6)
  2 bullfrog zombies
  A centaur skeleton (D:4)
  2 orc priests
  Crazy Yiuf (D:5)
  Ijyb (D:3)
  A worker ant (D:4)
  A hound skeleton (D:5)
  A hound zombie (D:4)
  6 adders
  4 gnolls (D:4)
  An ufetubus (D:5)
  2 oozes
  An adder zombie (D:5)
  An adder skeleton (D:4)
  3 worms
  4 dart slugs
  2 leopard geckos
  13 orcs
  3 ball pythons
  5 giant cockroaches
  5 hobgoblins
  7 jackals
  2 quokkas (D:3)
  5 bats
  4 frilled lizards
  8 goblins
  6 kobolds
  2 quokka skeletons (D:4)
  10 rats
112 creatures vanquished.

Vanquished Creatures (collateral kills)
  A scorpion (D:4)
  A hound (D:4)
  A hound skeleton (D:4)
  An adder (D:4)
  A leopard gecko (D:4)
5 creatures vanquished.

Vanquished Creatures (others)
  A human (D:5)
  A kobold (D:1)
  A plant (D:6)
3 creatures vanquished.

Grand Total: 120 creatures vanquished

Notes
Turn   | Place    | Note
-------+----------+-------------------------------------------
     0 | D:1      | Descartes the Troll Chaos Knight began the quest for the
                  | Orb.
     0 | D:1      | Reached XP level 1. HP: 22/22 MP: 0/0
    34 | D:1      | You fall into a shaft and drop 1 floor!
   178 | D:2      | Reached XP level 2. HP: 29/29 MP: 1/1
   591 | D:1      | XOM: potion effect (invisibility)
   636 | D:1      | XOM: noise
   650 | D:1      | Reached XP level 3. HP: 36/36 MP: 2/2
   776 | D:1      | XOM: 5-stop teleportation journey
  1274 | D:3      | Reached XP level 4. HP: 44/44 MP: 3/3
  1279 | D:3      | Reached skill level 4 in Unarmed Combat
  1280 | D:3      | Noticed Ijyb
  1292 | D:3      | Killed Ijyb
  1293 | D:3      | Reached skill level 1 in Shields
  1366 | D:3      | Reached XP level 5. HP: 50/50 MP: 4/4
  1425 | D:3      | XOM is BORED!
  1425 | D:3      | XOM: polymorph quokka -> ball python
  1475 | D:3      | XOM: cloud trail
  1510 | D:3      | Found a stormy altar of Qazlal.
  1513 | D:3      | Found a shimmering altar of Xom.
  1513 | D:3      | Found a shimmering blue altar of Sif Muna.
  1515 | D:3      | Found a broken altar of Ashenzari.
  1515 | D:3      | Found a sacrificial altar of Ru.
  1515 | D:3      | Found an opulent altar of Gozag.
  1952 | D:3      | XOM: noise
  1959 | D:3      | XOM: noise
  1976 | D:4      | XOM: confuse monster(s)
  1982 | D:4      | XOM: chaos upgrade
  2001 | D:4      | XOM: summons 5 friendly demons
  2005 | D:4      | Reached XP level 6. HP: 15/59 MP: 5/5
  2173 | D:4      | XOM: god gift: glowing quarterstaff {god gift}
  2361 | D:4      | Found a shimmering altar of Xom.
  2392 | D:4      | Found a hide-covered altar of Uskayaw.
  2437 | D:4      | Reached skill level 5 in Unarmed Combat
  2624 | D:4      | XOM: enchant monster (good)
  2842 | D:4      | XOM: god gift: gnarled smoking staff {god gift}
  2899 | D:4      | XOM: give mutation
  2899 | D:4      | Gained mutation: Your body sometimes deteriorates upon
                  | taking damage. [Xom's mischief]
  2941 | D:4      | Found Ezakiunn's Assorted Antiques.
  2946 | D:4      | Bought a scroll labelled WUNKYA RISHRORUKLOI for 21 gold
                  | pieces
  2946 | D:4      | Bought a scroll labelled SABLOI IFOWNUE for 21 gold pieces
  2946 | D:4      | Bought a scroll labelled SABLOI IFOWNUE for 21 gold pieces
  2946 | D:4      | Bought a fizzy black potion for 18 gold pieces
  2946 | D:4      | Bought a small copper ring for 105 gold pieces
  3329 | D:5      | Entered Level 5 of the Dungeon
  3331 | D:5      | XOM: divination: magic mapping
  3335 | D:5      | XOM: butterfly on damage
  3339 | D:5      | Reached XP level 7. HP: 16/66 MP: 6/6
  3464 | D:5      | XOM: silly message
  3527 | D:5      | XOM: give mutations
  3527 | D:5      | Gained mutation: You are clumsy. (Dex -2) [Xom's mischief]
  3527 | D:5      | Gained mutation: You have a pair of small horns on your
                  | head. [Xom's mischief]
  3527 | D:5      | Gained mutation: You are very clumsy. (Dex -4) [Xom's
                  | mischief]
  3558 | D:5      | Found a blossoming altar of Fedhas.
  3624 | D:5      | XOM: summons 4 hostile demons
  3630 | D:5      | XOM: 3-stop teleportation journey
  3692 | D:5      | XOM: summons 1 hostile demon
  3772 | D:5      | Found an ancient bone altar of Kikubaaqudgha.
  3778 | D:5      | Noticed Eustachio
  3779 | D:5      | Noticed a human
  3781 | D:5      | Killed a human
  3821 | D:5      | XOM: swap monsters
  3824 | D:5      | XOM: swap monsters
  3828 | D:5      | Killed Eustachio
  3829 | D:5      | Reached skill level 6 in Unarmed Combat
  3869 | D:5      | Found a runed translucent door.
  3870 | D:5      | Noticed Crazy Yiuf
  3966 | D:5      | Found an ancient bone altar of Kikubaaqudgha.
  3969 | D:5      | Found a shimmering blue altar of Sif Muna.
  3972 | D:5      | Found an ornate altar of the Wu Jian Council.
  4026 | D:5      | XOM: give mutations
  4026 | D:5      | Lost mutation: Your body sometimes deteriorates upon taking
                  | damage. [Xom's mischief]
  4026 | D:5      | Gained mutation: You are dopey. (Int -2) [Xom's mischief]
  4054 | D:5      | Killed Crazy Yiuf
  4055 | D:5      | Reached XP level 8. HP: 70/74 MP: 7/7
  4115 | D:6      | Found a large runed translucent door.
  4116 | D:6      | Found a large runed translucent door.
  4120 | D:6      | Noticed Gabide's ghost (novice HuGl)
  4138 | D:6      | Reached skill level 5 in Dodging
  4232 | D:6      | HP: 2/74 [electric eel/bolt of electricity (7)]
  4232 | D:6      | Killed from afar by an electric eel

Illustrated notes

Levels and vault maps discovered:
D:1:      shiori_shiawase, layout_basic, lemuel_another_geyser
D:2:      layout_basic
D:3:      layout_basic, doesnt_xom_only_xom, uniq_ijyb
D:4:      layout_basic, nicolae_overflow_hidden_temple, general_overflow_altar,
          serial_shops, shop_fountains, minmay_increasing_density
D:5:      layout_rooms, minmay_overflow_temple_star_quad,
          fedhas_bush_and_centaur_altar, tgw_kikubaaqudgha,
          uniq_crazy_yiuf_cottage, uniq_eustachio
D:6:      layout_cave_pods, ashenzari_altar_1, ebering_ghost_disaster_area,
          serial_bayou, serial_bayou_ford_a, serial_bayou_lagoon_a,
          serial_bayou_pond_a, serial_bayou_crossing, minivault_24

Skill      XL: |  1  2  3  4  5  6  7  8 |
---------------+-------------------------+-----
Dodging        | 2 3 4 5 |  5.0
Unarmed Combat | 4 5 6 |  6.3
Shields        | 1 2 3 4 |  4.0
Fighting       | |  2.5
Spellcasting   | |  0.2
Evocations     | |  0.3

Action                   |  1- 3 |  4- 6 |  7- 9 || total
-------------------------+-------+-------+-------++-------
Melee: Unarmed           |    94 |   164 |   133 ||   391
       Headbutt          |       |       |    13 ||    13
  Use: Scroll            |       |     6 |       ||     6
 Stab: Sleeping          |     2 |       |     1 ||     3
       Invisible         |     2 |       |       ||     2
Armor: Robe              |    32 |    67 |    49 ||   148
Dodge: Dodged            |    31 |    41 |    35 ||   107
Block: Tower shield      |    25 |   128 |    96 ||   249
